 Dungeon Crawl Stone Soup version 0.29.1-2-gbd0b4ee654 (webtiles) character file.

Game seed: 15630803787230721843

7763 KittyFluff the Basher (level 11, -10/100 HPs)
             Began as a Gargoyle Berserker on Oct 27, 2022.
             Was an Elder of Trog.
             Killed by divine providence
             ... invoked by an orc priest
              (15 damage)
             ... on level 11 of the Dungeon.
             The game lasted 00:55:03 (14194 turns).

KittyFluff the Basher (Gargoyle Berserker)         Turns: 14194, Time: 00:55:05

Health: -10/100    AC: 26    Str: 22    XL:     11   Next: 20%
Magic:  11/11      EV: 18    Int:  7    God:    Trog [****..]
Gold:   359        SH:  5    Dex: 13    Spells: 10/10 levels left

rFire   + . .      SeeInvis .   O - +1 mace (protect)
rCold   . . .      Faith    .   (no shield)
rNeg    + . .      Spirit   .   C - +0 steam dragon scales
rPois   ∞          Reflect  +   z - +0 helmet
rElec   +          Harm     .   (no cloak)
rCorr   .          Rampage  .   H - +0 pair of gloves
Will    .....                   K - +0 pair of boots
Stlth   ..........              A - amulet of reflection
HPRegen 0.26/turn               f - +4 ring of evasion
MPRegen 0.12/turn               y - ring of protection from fire

@: berserking, under a protective aura, very quick
A: sickness immunity, AC +8, negative energy resistance 1, electricity
resistance, torment resistance 1, petrification resistance
a: Renounce Religion, Berserk, Trog's Hand, Brothers in Arms


You were on level 11 of the Dungeon.
You worshipped Trog.
Trog was greatly pleased with you.
You visited 1 branch of the dungeon, and saw 11 of its levels.

You collected 563 gold pieces.
You spent 204 gold pieces at shops.

Inventory:

Hand Weapons
 t - a +1 antimagic spear
 v - a +4 hand axe of distortion
 D - a +7 dire flail of protection
 O - a +1 mace of protection (weapon)
 T - a +0 quarterstaff
Missiles
 h - 23 poisoned darts (quivered)
 l - 3 curare-tipped darts
 J - 11 boomerangs
 S - 3 throwing nets
Armour
 q - a +2 robe of willpower
 z - a +0 helmet (worn)
 C - +0 steam dragon scales (worn)
 H - a +0 pair of gloves (worn)
 K - a +0 pair of boots (worn)
Jewellery
 f - a +4 ring of evasion (left hand)
 y - a ring of protection from fire (right hand)
 A - an amulet of reflection (around neck)
 M - a ring of fire
Wands
 b - a wand of light (18)
 k - a wand of iceblast (17)
Scrolls
 d - 5 scrolls of teleportation
 e - 2 scrolls of fear {unknown}
 g - a scroll of amnesia {unknown}
 m - a scroll of noise {unknown}
 n - a scroll of enchant weapon {unknown}
 o - a scroll of silence {unknown}
 r - 4 scrolls of magic mapping {unknown}
 B - 3 scrolls of blinking {unknown}
 E - 2 scrolls of immolation {unknown}
 G - 2 scrolls of vulnerability {unknown}
 I - a scroll of brand weapon {unknown}
 P - a scroll of fog {unknown}
 R - 3 scrolls of poison {unknown}
Potions
 a - a potion of might
 c - 3 potions of mutation
 i - a potion of ambrosia
 j - 5 potions of heal wounds
 p - 6 potions of haste
 s - 2 potions of attraction
 u - 2 potions of curing
 w - a potion of invisibility
 F - a potion of degeneration {unknown}
 N - a potion of berserk rage {unknown}
 Q - a potion of magic {unknown}
Miscellaneous
 L - a tin of tremorstones (2/2)


   Skills:
 + Level 7.5 Fighting
 * Level 11.2 Maces & Flails
 + Level 0.4 Throwing
 * Level 8.6 Armour
 + Level 6.2 Dodging
 + Level 3.9 Stealth
 + Level 3.6 Shields


You had 10 spell levels left.
You didn't know any spells.
Your spell library was empty.

Dungeon Overview and Level Annotations

Branches:
Dungeon (11/15)            Temple (0/1) D:7             Orc (0/2) D:11
   Lair: D:8-11

Altars:
Elyvilon
Gozag
Makhleb
Okawaru
Trog
Vehumet
Wu Jian
Xom

Shops:
D:10 (

Annotations:
D:5 2 transporters, toasterman's ghost, amateur MeCA


Innate Abilities, Weirdness & Mutations

You are immune to sickness and miasma.
Your stone body is resilient. (AC +8)
You are immune to poison.
You resist negative energy. (rN+)
You are resistant to electric shocks. (rElec)
You are resistant to unholy torment.
You are immune to petrification.


Message History

You barely miss the orc knight.
The orc knight is heavily wounded.
The orc priest mumbles some strange prayers to Beogh against the orc warrior.
Beogh smites you!
* * * LOW HITPOINT WARNING * * *
The orc knight hits you with a +0 battleaxe.
* * * LOW HITPOINT WARNING * * *
You closely miss the orc knight.
The orc knight is heavily wounded.
The orc warrior no longer looks unusually strong. x2
The orc no longer looks unusually strong.
The orc priest no longer looks unusually strong.
You bludgeon the orc knight!!
The orc knight is severely wounded.
The orc warrior no longer looks unusually strong.
The orc priest no longer looks unusually strong.
The orc knight hits you with a +0 battleaxe!!
* * * LOW HITPOINT WARNING * * *
You barely miss the orc knight.
The orc knight is severely wounded.
You sock the orc knight!
The orc knight is almost dead.
The orc no longer looks unusually strong.
The orc knight completely misses you.
You hit the orc knight but do no damage.
The orc knight is almost dead.
You barely miss the orc knight.
The orc knight is almost dead.
The orc no longer looks unusually strong.
The orc knight barely misses you.
You closely miss the orc knight.
The orc knight is almost dead.
You closely miss the orc knight.
The orc knight is almost dead.
The orc priest miscasts a cantrip.
The orc knight hits you with a +0 battleaxe.
* * * LOW HITPOINT WARNING * * *
The orc priest calls down the wrath of Beogh upon the orc.
Beogh smites you!
You die...

## ###o.####
#############@ooo....
.............##8o8###
##......#


oooo8 #.###### oooo #.# oo_ #.# .. #.# > #.# ### #.#######.# You could see an
orc knight, 3 orc warriors, 3 orc priests and 8 orcs.

Vanquished Creatures
  A two-headed ogre (D:10)
  3 trolls
  A hornet (D:9)
  A vampire (D:10)
  A wyvern (D:8)
  2 shadows (D:7)
  4 steam dragons
  A yak (D:9)
  2 wraiths
  3 acid dragons
  4 water moccasins
  Edmund (D:6)
  2 ice beasts (D:6)
  A sky beast (D:7)
  A black bear (D:5)
  3 orc warriors
  2 ogres
  2 wolves (D:10)
  2 centaurs
  2 kobold brigands
  3 gnoll sergeants
  A bullfrog (D:7)
  A necrophage (D:4)
  4 scorpions
  8 wights (D:8)
  2 howler monkeys (D:9)
  An orc priest (D:6)
  16 hounds
  Ijyb (D:3)
  2 jellies (D:7)
  3 gnoll boudas
  7 iguanas
  8 orc wizards
  35 gnolls
  8 adders
  A shadow imp (D:7)
  3 white imps
  3 ufetubi
  A worm (D:4)
  2 dart slugs
  22 orcs
  5 ball pythons
  5 endoplasms
  2 giant cockroaches (D:4)
  5 goblins
  7 hobgoblins
  8 jackals
  17 kobolds
  3 quokkas
  3 bats
  8 rats
  A spectral hobgoblin (D:1)
235 creatures vanquished.

Vanquished Creatures (others)
  A wizard (D:8)
  A bullfrog (D:7)
  4 plants (D:5)
6 creatures vanquished.

Grand Total: 241 creatures vanquished

Notes
Turn   | Place    | Note
-------+----------+-------------------------------------------
     0 | D:1      | KittyFluff the Gargoyle Berserker began the quest for the
                  | Orb.
     0 | D:1      | Reached XP level 1. HP: 14/14 MP: 1/1
   198 | D:1      | Reached XP level 2. HP: 16/19 MP: 2/2
   982 | D:1      | Found a faded altar of an unknown god.
  1365 | D:2      | Reached XP level 3. HP: 21/23 MP: 3/3
  1535 | D:2      | Found a white marble altar of Elyvilon.
  2226 | D:3      | Reached XP level 4. HP: 27/29 MP: 4/4
  2242 | D:3      | Reached skill level 1 in Stealth
  2244 | D:3      | Reached ** piety under Trog
  2691 | D:3      | Reached skill level 4 in Maces & Flails
  2770 | D:3      | Noticed Ijyb
  2782 | D:3      | Killed Ijyb
  2783 | D:3      | Reached XP level 5. HP: 33/33 MP: 5/5
  2974 | D:4      | Found an opulent altar of Gozag.
  3266 | D:3      | Reached XP level 6. HP: 38/38 MP: 6/6
  3627 | D:4      | Reached skill level 5 in Maces & Flails
  3989 | D:4      | Found a shimmering altar of Xom.
  4038 | D:4      | Reached XP level 7. HP: 39/44 MP: 7/7
  4386 | D:5      | Entered Level 5 of the Dungeon
  5019 | D:5      | Reached skill level 6 in Maces & Flails
  5062 | D:5      | Noticed toasterman's ghost (amateur MeCA)
  5068 | D:5      | Reached skill level 5 in Fighting
  5068 | D:5      | Reached skill level 5 in Armour
  5068 | D:5      | Found a transporter.
  5076 | D:5      | Found a transporter.
  5321 | D:5      | Reached XP level 8. HP: 47/49 MP: 8/8
  6003 | D:6      | Reached *** piety under Trog
  6499 | D:6      | Reached skill level 7 in Maces & Flails
  6615 | D:6      | HP: 2/51 [water moccasin (4)]
  6625 | D:6      | Reached skill level 1 in Shields
  6625 | D:6      | Reached XP level 9. HP: 5/55 MP: 9/9
  7016 | D:6      | Noticed Edmund
  7028 | D:6      | Killed Edmund
  7221 | D:7      | Found an iron altar of Okawaru.
  7223 | D:7      | Found an ornate altar of the Wu Jian Council.
  7430 | D:7      | Noticed a troll
  7443 | D:7      | Killed a troll
  7444 | D:7      | Reached skill level 8 in Maces & Flails
  7826 | D:7      | Found a burning altar of Makhleb.
  8440 | D:7      | Found a staircase to the Ecumenical Temple.
  8895 | D:7      | Reached skill level 5 in Dodging
  9677 | D:7      | Reached XP level 10. HP: 37/61 MP: 10/10
  9944 | D:8      | Reached skill level 9 in Maces & Flails
 10206 | D:8      | Found a bloodstained altar of Trog.
 10208 | D:8      | Noticed a wizard
 10212 | D:8      | Killed a wizard
 11580 | D:9      | Reached skill level 10 in Maces & Flails
 11953 | D:9      | Found a radiant altar of Vehumet.
 12002 | D:9      | Reached **** piety under Trog
 12448 | D:10     | Entered Level 10 of the Dungeon
 13487 | D:10     | Reached XP level 11. HP: 67/67 MP: 11/11
 13542 | D:10     | Noticed a two-headed ogre
 13560 | D:10     | Killed a two-headed ogre
 13561 | D:10     | Reached skill level 11 in Maces & Flails
 14022 | D:10     | Found Amaorini's Antique Weapon Shoppe.
 14051 | D:10     | Bought a scorched flail for 204 gold pieces
 14051 | D:10     | Identified the +6 flail "Ashric" {pain, Dex+2} (You bought
                  | it in a shop on level 10 of the Dungeon)
 14166 | D:11     | Found a staircase to the Orcish Mines.
 14167 | D:11     | Noticed an orc knight
 14194 | D:11     | HP: 5/100 [orc knight/+0 battleaxe (3)]
 14194 | D:11     | Killed from afar by an orc priest

Illustrated notes

Levels and vault maps discovered:
D:1:      matt_arrival_diagonals, layout_loops_ring,
          dreamdust_ecumenical_altar_drowned_temple
D:2:      layout_loops_ring, basic_altar
D:3:      layout_loops_ring, uniq_ijyb
D:4:      layout_rooms, mainiacjoe_overflow_small_starburst,
          mainiacjoe_overflow_paths, hangedman_abyss_or_decor_stabs
D:5:      layout_loops_ring, gammafunk_ghost_arena, guppyfry_early_lair_pool
D:6:      layout_basic, uniq_edmund
D:7:      minmay_razor_zed, layout_layer_cave, okawaru_trees_1, bloody_makhleb,
          minitemple, minmay_temple_entry_poolview
D:8:      layout_basic, trog_wizard
D:9:      minmay_angry_zag, layout_long_grid, mainiacjoe_overflow_boulevard
D:10:     layout_cave_pools, serial_gnoll_camp, gnoll_camp_mini_doghouse,
          gnoll_camp_mini_doghouse, gnoll_camp_mini_house,
          gnoll_camp_mini_doghouse, gnoll_camp_medium_02, gnoll_camp_mini_shop
D:11:     layout_loops_ring, due_lair_maze_entry_diamond, david_orc_5,
          special_room [special_room_bee], kennysheep_generic_room_8

Skill      XL: |  1  2  3  4  5  6  7  8  9 10 11 |
---------------+----------------------------------+-----
Armour         | 3 4 5 6 7 8 |  8.6
Stealth        | 1 2 3 |  3.9
Dodging        | 2 3 4 5 6 |  6.2
Maces & Flails | 4 5 6 7 8 10 11 | 11.2
Fighting       | 4 5 6 7 |  7.5
Shields        | 1 2 3 |  3.6
Throwing       | |  0.4

Action                   |  1- 3 |  4- 6 |  7- 9 | 10-12 || total
-------------------------+-------+-------+-------+-------++-------
Melee: Mace              |   107 |   142 |   424 |   563 ||  1236
       Punch             |     1 |       |     6 |     8 ||    15
Throw: Dart              |       |     5 |       |     5 ||    10
Invok: Berserk           |     3 |     4 |    10 |    12 ||    29
  Use: Scroll            |     6 |     1 |     2 |     2 ||    11
 Stab: Sleeping          |     1 |     1 |     2 |     1 ||     5
Armor: Animal skin       |    37 |       |       |       ||    37
       Robe              |       |    47 |    65 |       ||   112
       Steam dragon scal |       |       |    60 |   177 ||   237
Dodge: Dodged            |    77 |   129 |   334 |   399 ||   939
Block: Other             |       |       |    53 |   124 ||   177
       Reflection        |       |       |     1 |     5 ||     6
